[ PARTIDA AOE2 · #494220296 ]
UnrankedTeutones vs Japanese
Equipo del jugador · VICT
Equipo rival · DERR
[ ANÁLISIS DE REPETICIÓN · EXTRAÍDO DE LA PARTIDA GRABADA ]
Feudal
8:30
Castillos
32:47
Imperial
—
| APM promedio | 43.0 |
| APM pico | 67 |
| eAPM promedio | 27.2 |
| Aldeanos / militares | 116 / 108 |
Foco
⚔️ 35.4% · 🌾 64.6%
Knight ×57 · Teutonic Knight ×28 · Spearman ×9 · Monk ×8 · Battering Ram ×3 · Scout Cavalry ×3
Feudal
8:54
Castillos
30:15
Imperial
—
| APM promedio | 70.1 |
| APM pico | 152 |
| eAPM promedio | 30.9 |
| Aldeanos / militares | 148 / 117 |
Foco
⚔️ 42.2% · 🌾 57.8%
Spearman ×43 · Knight ×38 · Monk ×14 · Scout Cavalry ×11 · Militia ×6 · Battering Ram ×5
Mapa de la partida
Recursos iniciales + cada clic de construcción. Líneas = muros · curvas = relieve. ◆ oro · ⬟ piedra · ● bayas · ✦ reliquia · ◌ hueco del cierre
Tu base· Abierta — hueco de 3t
Base de Hayato Kazami· Abierta — hueco de 4t
Terreno inicial suavizado · ◌ = hueco del cierre detectado · pasá el cursor para detalles
Inputs por minuto
— Drug0s - - Hayato Kazami
Build order — Drug0s
Primeras 150 de 392 acciones detectadas
| 0:01 | Encolar | Villager (Male) |
| 0:01 | Encolar | Villager (Male) |
| 0:02 | Encolar | Villager (Male) |
| 0:02 | Construir | House |
| 0:04 | Construir | House |
| 0:06 | Encolar | Villager (Male) |
| 0:06 | Encolar | Villager (Male) |
| 1:25 | Encolar | Villager (Male) |
| 1:25 | Encolar | Villager (Male) |
| 1:54 | Construir | Lumber Camp |
| 2:02 | Encolar | Villager (Male) |
| 2:03 | Encolar | Villager (Male) |
| 2:18 | Encolar | Villager (Male) |
| 2:19 | Encolar | Villager (Male) |
| 2:50 | Encolar | Villager (Male) |
| 2:50 | Encolar | Villager (Male) |
| 3:23 | Encolar | Villager (Male) |
| 3:23 | Encolar | Villager (Male) |
| 3:46 | Encolar | Villager (Male) |
| 3:46 | Encolar | Villager (Male) |
| 3:57 | Construir | House |
| 4:01 | Encolar | Villager (Male) |
| 4:01 | Encolar | Villager (Male) |
| 4:36 | Construir | Mill |
| 4:38 | Encolar | Villager (Male) |
| 4:40 | Encolar | Villager (Male) |
| 4:55 | Encolar | Villager (Male) |
| 5:05 | Encolar | Villager (Male) |
| 5:18 | Investigar | Loom |
| 6:20 | Investigar | Feudal Age |
| 6:20 | Investigar | Feudal Age |
| 7:10 | Construir | Mining Camp |
| 7:32 | Construir | House |
| 7:54 | Encolar | Villager (Male) |
| 8:30 | Edad | Edad Feudal |
| 8:33 | Investigar | Double-Bit Axe |
| 8:34 | Investigar | Double-Bit Axe |
| 8:36 | Encolar | Villager (Male) |
| 8:47 | Encolar | Villager (Male) |
| 8:52 | Construir | Watch Tower |
| 9:11 | Encolar | Villager (Male) |
| 9:18 | Construir | Palisade Wall |
| 10:02 | Construir | House |
| 10:11 | Encolar | Villager (Male) |
| 10:40 | Construir | Mining Camp |
| 10:48 | Encolar | Villager (Male) |
| 11:18 | Construir | House |
| 11:20 | Encolar | Villager (Male) |
| 11:23 | Encolar | Villager (Male) |
| 11:31 | Construir | Blacksmith |
| 11:33 | Construir | House |
| 11:44 | Construir | House |
| 11:45 | Construir | Palisade Wall |
| 12:11 | Construir | Watch Tower |
| 12:20 | Construir | Blacksmith |
| 12:23 | Construir | House |
| 12:24 | Construir | Palisade Wall |
| 12:26 | Construir | Palisade Wall |
| 12:30 | Construir | Palisade Wall |
| 12:32 | Construir | House |
| 12:36 | Construir | Palisade Wall |
| 12:39 | Construir | Palisade Wall |
| 12:57 | Encolar | Villager (Male) |
| 13:23 | Construir | Farm |
| 13:29 | Construir | Palisade Wall |
| 13:36 | Construir | Lumber Camp |
| 13:53 | Construir | Farm |
| 13:54 | Construir | Farm |
| 13:56 | Construir | Farm |
| 13:57 | Construir | Farm |
| 14:00 | Construir | Farm |
| 14:12 | Construir | Outpost |
| 14:27 | Construir | Farm |
| 14:39 | Construir | Watch Tower |
| 14:52 | Construir | House |
| 14:54 | Construir | Palisade Wall |
| 15:07 | Investigar | Fletching |
| 15:07 | Investigar | Fletching |
| 15:23 | Encolar | Villager (Male) |
| 15:35 | Construir | Outpost |
| 15:49 | Construir | Watch Tower |
| 15:55 | Encolar | Villager (Male) |
| 15:57 | Construir | Farm |
| 16:05 | Construir | Watch Tower |
| 16:08 | Encolar | Villager (Male) |
| 16:30 | Encolar | Villager (Male) |
| 16:43 | Encolar | Villager (Male) |
| 16:53 | Construir | House |
| 16:55 | Construir | House |
| 17:15 | Encolar | Villager (Male) |
| 17:20 | Construir | Farm |
| 17:22 | Construir | Farm |
| 17:49 | Encolar | Villager (Male) |
| 18:03 | Encolar | Villager (Male) |
| 18:14 | Encolar | Villager (Male) |
| 18:19 | Encolar | Villager (Male) |
| 18:29 | Encolar | Villager (Male) |
| 18:43 | Construir | Palisade Wall |
| 18:44 | Construir | Palisade Wall |
| 18:45 | Construir | Palisade Wall |
| 18:46 | Construir | Palisade Wall |
| 18:48 | Encolar | Villager (Male) |
| 18:54 | Construir | Watch Tower |
| 19:00 | Construir | Farm |
| 19:00 | Encolar | Villager (Male) |
| 19:05 | Encolar | Villager (Male) |
| 19:29 | Encolar | Villager (Male) |
| 19:39 | Construir | Outpost |
| 20:01 | Encolar | Villager (Male) |
| 20:20 | Encolar | Villager (Male) |
| 20:37 | Encolar | Villager (Male) |
| 21:14 | Encolar | Villager (Male) |
| 21:17 | Encolar | Villager (Male) |
| 21:25 | Encolar | Villager (Male) |
| 21:29 | Construir | Lumber Camp |
| 21:37 | Construir | Watch Tower |
| 21:42 | Construir | Palisade Wall |
| 21:49 | Encolar | Villager (Male) |
| 22:08 | Construir | Watch Tower |
| 22:13 | Encolar | Villager (Male) |
| 22:20 | Construir | Watch Tower |
| 22:29 | Construir | Watch Tower |
| 22:36 | Encolar | Villager (Male) |
| 22:38 | Encolar | Villager (Male) |
| 22:42 | Encolar | Villager (Male) |
| 22:56 | Construir | Palisade Wall |
| 22:58 | Encolar | Villager (Male) |
| 23:23 | Construir | Watch Tower |
| 23:42 | Encolar | Villager (Male) |
| 23:52 | Construir | Watch Tower |
| 23:53 | Encolar | Villager (Male) |
| 23:56 | Construir | Farm |
| 23:59 | Construir | Barracks |
| 24:11 | Construir | Farm |
| 24:18 | Construir | Palisade Wall |
| 24:20 | Construir | Palisade Wall |
| 24:22 | Construir | Palisade Wall |
| 24:24 | Encolar | Villager (Male) |
| 24:26 | Construir | Farm |
| 24:31 | Encolar | Villager (Male) |
| 24:45 | Encolar | Villager (Male) |
| 24:58 | Investigar | Wheelbarrow |
| 25:03 | Investigar | Horse Collar |
| 25:03 | Investigar | Horse Collar |
| 25:27 | Construir | Outpost |
| 25:30 | Construir | Stable |
| 25:31 | Encolar | Villager (Male) |
| 25:34 | Construir | Farm |
| 25:35 | Construir | Farm |
| 25:37 | Construir | Farm |
Build order — Hayato Kazami
Primeras 150 de 473 acciones detectadas
| 0:00 | Encolar | Villager (Male) |
| 0:00 | Encolar | Villager (Male) |
| 0:01 | Encolar | Villager (Male) |
| 0:02 | Construir | House |
| 0:03 | Construir | House |
| 0:05 | Encolar | Villager (Male) |
| 1:30 | Encolar | Villager (Male) |
| 1:30 | Encolar | Villager (Male) |
| 2:04 | Encolar | Villager (Male) |
| 2:05 | Encolar | Villager (Male) |
| 2:28 | Encolar | Villager (Male) |
| 2:28 | Encolar | Villager (Male) |
| 2:29 | Encolar | Villager (Male) |
| 2:48 | Encolar | Villager (Male) |
| 2:48 | Encolar | Villager (Male) |
| 2:54 | Construir | Lumber Camp |
| 2:59 | Construir | House |
| 3:06 | Construir | House |
| 3:26 | Encolar | Villager (Male) |
| 3:28 | Encolar | Villager (Male) |
| 3:28 | Encolar | Villager (Male) |
| 4:16 | Encolar | Villager (Male) |
| 4:16 | Encolar | Villager (Male) |
| 4:16 | Encolar | Villager (Male) |
| 4:31 | Encolar | Villager (Male) |
| 4:32 | Encolar | Villager (Male) |
| 5:05 | Encolar | Villager (Male) |
| 5:06 | Encolar | Villager (Male) |
| 5:06 | Encolar | Villager (Male) |
| 5:06 | Encolar | Villager (Male) |
| 5:12 | Encolar | Villager (Male) |
| 5:32 | Construir | Barracks |
| 5:46 | Investigar | Loom |
| 6:17 | Construir | Mining Camp |
| 6:22 | Construir | House |
| 6:44 | Investigar | Feudal Age |
| 6:44 | Investigar | Feudal Age |
| 7:03 | Encolar | Militia |
| 7:03 | Encolar | Militia |
| 7:18 | Encolar | Militia |
| 7:22 | Construir | Mill |
| 7:46 | Encolar | Militia |
| 7:46 | Encolar | Militia |
| 7:46 | Encolar | Militia |
| 8:33 | Encolar | Villager (Male) |
| 8:54 | Edad | Edad Feudal |
| 8:54 | Investigar | Man-at-Arms (upgrade) |
| 8:54 | Investigar | Man-at-Arms (upgrade) |
| 9:20 | Encolar | Villager (Male) |
| 9:33 | Construir | Watch Tower |
| 9:34 | Encolar | Villager (Male) |
| 9:52 | Encolar | Villager (Male) |
| 10:07 | Construir | Palisade Wall |
| 10:07 | Construir | Palisade Wall |
| 10:08 | Construir | Palisade Wall |
| 10:08 | Construir | Palisade Wall |
| 10:08 | Construir | Palisade Wall |
| 10:09 | Construir | Palisade Wall |
| 10:09 | Construir | Palisade Wall |
| 10:09 | Construir | Palisade Wall |
| 10:10 | Construir | Palisade Wall |
| 10:10 | Construir | Palisade Wall |
| 10:10 | Construir | Palisade Wall |
| 10:10 | Construir | Palisade Wall |
| 10:11 | Construir | Palisade Wall |
| 10:11 | Encolar | Villager (Male) |
| 10:12 | Encolar | Villager (Male) |
| 10:21 | Construir | Mining Camp |
| 10:42 | Construir | House |
| 10:48 | Construir | Farm |
| 10:49 | Construir | Farm |
| 11:12 | Construir | Farm |
| 11:13 | Construir | Farm |
| 11:29 | Construir | House |
| 11:40 | Investigar | Town Watch |
| 12:09 | Construir | Watch Tower |
| 12:13 | Encolar | Villager (Male) |
| 12:14 | Encolar | Villager (Male) |
| 12:38 | Encolar | Villager (Male) |
| 13:31 | Encolar | Villager (Male) |
| 13:31 | Encolar | Villager (Male) |
| 13:31 | Encolar | Villager (Male) |
| 13:31 | Encolar | Villager (Male) |
| 13:34 | Construir | Mining Camp |
| 13:59 | Construir | Palisade Wall |
| 13:59 | Construir | Palisade Wall |
| 14:01 | Construir | Palisade Wall |
| 14:02 | Construir | Palisade Wall |
| 14:02 | Construir | Palisade Wall |
| 14:02 | Construir | Palisade Wall |
| 14:03 | Construir | Palisade Wall |
| 14:03 | Construir | Palisade Wall |
| 14:04 | Construir | Palisade Wall |
| 14:04 | Construir | Palisade Wall |
| 14:05 | Construir | Palisade Wall |
| 14:10 | Construir | House |
| 14:16 | Encolar | Villager (Male) |
| 14:16 | Encolar | Villager (Male) |
| 14:18 | Encolar | Villager (Male) |
| 14:38 | Construir | Farm |
| 14:42 | Construir | Farm |
| 14:43 | Encolar | Villager (Male) |
| 14:52 | Construir | Watch Tower |
| 14:58 | Construir | Watch Tower |
| 15:34 | Encolar | Villager (Male) |
| 15:39 | Construir | Palisade Wall |
| 15:39 | Construir | Palisade Wall |
| 15:40 | Construir | Palisade Wall |
| 15:40 | Construir | Palisade Wall |
| 15:40 | Construir | Palisade Wall |
| 15:40 | Construir | Palisade Wall |
| 15:45 | Encolar | Villager (Male) |
| 16:14 | Construir | Watch Tower |
| 16:20 | Construir | Watch Tower |
| 16:25 | Encolar | Villager (Male) |
| 16:44 | Construir | Stable |
| 17:14 | Encolar | Villager (Male) |
| 17:28 | Construir | Watch Tower |
| 17:30 | Construir | Palisade Wall |
| 17:30 | Construir | Palisade Wall |
| 17:31 | Construir | Palisade Wall |
| 17:31 | Construir | Palisade Wall |
| 17:32 | Encolar | Villager (Male) |
| 18:17 | Construir | Farm |
| 18:27 | Construir | Palisade Wall |
| 18:28 | Construir | Palisade Wall |
| 18:28 | Construir | Palisade Wall |
| 18:30 | Construir | Palisade Wall |
| 18:43 | Construir | Mill |
| 18:44 | Construir | Farm |
| 18:44 | Construir | Farm |
| 18:44 | Construir | Farm |
| 18:44 | Construir | Farm |
| 18:45 | Construir | Farm |
| 18:45 | Construir | Farm |
| 18:50 | Encolar | Villager (Male) |
| 19:18 | Encolar | Villager (Male) |
| 19:19 | Encolar | Villager (Male) |
| 19:22 | Construir | Farm |
| 19:25 | Construir | Farm |
| 20:02 | Investigar | Double-Bit Axe |
| 20:03 | Investigar | Double-Bit Axe |
| 20:15 | Encolar | Villager (Male) |
| 20:28 | Encolar | Villager (Male) |
| 20:29 | Encolar | Villager (Male) |
| 20:34 | Construir | Blacksmith |
| 20:56 | Encolar | Villager (Male) |
| 20:56 | Encolar | Villager (Male) |
| 20:56 | Encolar | Villager (Male) |
| 21:06 | Encolar | Scout Cavalry |
Cronología de la partida
| 5:32 | Hayato Kazami · first_building Barracks |
| 8:30 | Drug0s · age_up feudal |
| 8:54 | Hayato Kazami · age_up feudal |
| 9:18 | Drug0s · wall_segment Palisade Wall x1 |
| 10:07 | Hayato Kazami · wall_segment Palisade Wall x1 |
| 10:07 | Hayato Kazami · wall_segment Palisade Wall x1 |
| 10:08 | Hayato Kazami · wall_segment Palisade Wall x2 |
| 10:08 | Hayato Kazami · wall_segment Palisade Wall x1 |
| 10:08 | Hayato Kazami · wall_segment Palisade Wall x1 |
| 10:09 | Hayato Kazami · wall_segment Palisade Wall x1 |
| 10:09 | Hayato Kazami · wall_segment Palisade Wall x1 |
| 10:09 | Hayato Kazami · wall_segment Palisade Wall x3 |
| 10:10 | Hayato Kazami · wall_segment Palisade Wall x2 |
| 10:10 | Hayato Kazami · wall_segment Palisade Wall x1 |
| 10:10 | Hayato Kazami · wall_segment Palisade Wall x1 |
| 10:10 | Hayato Kazami · wall_segment Palisade Wall x1 |
| 10:11 | Hayato Kazami · wall_segment Palisade Wall x1 |
| 11:45 | Drug0s · wall_segment Palisade Wall x1 |
| 12:24 | Drug0s · wall_segment Palisade Wall x1 |
| 12:26 | Drug0s · wall_segment Palisade Wall x1 |
| 12:30 | Drug0s · wall_segment Palisade Wall x1 |
| 12:36 | Drug0s · wall_segment Palisade Wall x1 |
| 12:39 | Drug0s · wall_segment Palisade Wall x1 |
| 13:29 | Drug0s · wall_segment Palisade Wall x1 |
| 13:59 | Hayato Kazami · wall_segment Palisade Wall x1 |
| 13:59 | Hayato Kazami · wall_segment Palisade Wall x1 |
| 14:01 | Hayato Kazami · wall_segment Palisade Wall x1 |
| 14:02 | Hayato Kazami · wall_segment Palisade Wall x1 |
| 14:02 | Hayato Kazami · wall_segment Palisade Wall x1 |
| 14:02 | Hayato Kazami · wall_segment Palisade Wall x1 |
| 14:03 | Hayato Kazami · wall_segment Palisade Wall x1 |
| 14:03 | Hayato Kazami · wall_segment Palisade Wall x1 |
| 14:04 | Hayato Kazami · wall_segment Palisade Wall x1 |
| 14:04 | Hayato Kazami · wall_segment Palisade Wall x1 |
| 14:05 | Hayato Kazami · wall_segment Palisade Wall x1 |
| 14:54 | Drug0s · wall_segment Palisade Wall x8 |
| 15:39 | Hayato Kazami · wall_segment Palisade Wall x1 |
| 15:39 | Hayato Kazami · wall_segment Palisade Wall x2 |
| 15:40 | Hayato Kazami · wall_segment Palisade Wall x1 |
| 15:40 | Hayato Kazami · wall_segment Palisade Wall x1 |
| 15:40 | Hayato Kazami · wall_segment Palisade Wall x1 |
| 15:40 | Hayato Kazami · wall_segment Palisade Wall x1 |
| 16:44 | Hayato Kazami · first_building Stable |
| 17:30 | Hayato Kazami · wall_segment Palisade Wall x1 |
| 17:30 | Hayato Kazami · wall_segment Palisade Wall x1 |
| 17:31 | Hayato Kazami · wall_segment Palisade Wall x1 |
| 17:31 | Hayato Kazami · wall_segment Palisade Wall x1 |
| 18:27 | Hayato Kazami · wall_segment Palisade Wall x1 |
| 18:28 | Hayato Kazami · wall_segment Palisade Wall x1 |
| 18:28 | Hayato Kazami · wall_segment Palisade Wall x1 |
| 18:30 | Hayato Kazami · wall_segment Palisade Wall x1 |
| 18:43 | Drug0s · wall_segment Palisade Wall x2 |
| 18:44 | Drug0s · wall_segment Palisade Wall x3 |
| 18:45 | Drug0s · wall_segment Palisade Wall x2 |
| 18:46 | Drug0s · wall_segment Palisade Wall x2 |
| 21:42 | Drug0s · wall_segment Palisade Wall x1 |
| 22:40 | Hayato Kazami · wall_segment Stone Wall x1 |
| 22:41 | Hayato Kazami · wall_segment Stone Wall x1 |
| 22:46 | Hayato Kazami · wall_segment Stone Wall x1 |
| 22:50 | Hayato Kazami · wall_segment Stone Wall x1 |
| 22:51 | Hayato Kazami · wall_segment Stone Wall x1 |
| 22:56 | Drug0s · wall_segment Palisade Wall x1 |
| 23:59 | Drug0s · first_building Barracks |
| 24:18 | Drug0s · wall_segment Palisade Wall x1 |
| 24:20 | Drug0s · wall_segment Palisade Wall x1 |
| 24:22 | Drug0s · wall_segment Palisade Wall x1 |
| 25:30 | Drug0s · first_building Stable |
| 26:02 | Hayato Kazami · wall_segment Stone Wall x6 |
| 26:40 | Drug0s · wall_segment Palisade Wall x1 |
| 26:41 | Drug0s · wall_segment Palisade Wall x1 |
| 26:44 | Drug0s · wall_segment Palisade Wall x1 |
| 26:46 | Drug0s · wall_segment Palisade Wall x1 |
| 26:51 | Drug0s · wall_segment Palisade Wall x1 |
| 29:42 | Drug0s · first_market_sell 100 stone |
| 29:45 | Drug0s · first_market_buy 100 food |
| 30:15 | Hayato Kazami · age_up castle |
| 30:56 | Drug0s · wall_segment Palisade Wall x1 |
| 31:39 | Hayato Kazami · first_building Monastery |
| 32:05 | Drug0s · wall_segment Palisade Wall x11 |
| 32:47 | Drug0s · age_up castle |
| 32:49 | Hayato Kazami · first_building Siege Workshop |
| 33:58 | Drug0s · first_building Monastery |
| 36:53 | Drug0s · first_building Castle |
| 42:41 | Drug0s · wall_segment Palisade Wall x1 |
| 42:42 | Drug0s · wall_segment Palisade Wall x1 |
| 48:16 | Drug0s · first_building Siege Workshop |
| 50:31 | Hayato Kazami · first_building Castle |
| 51:51 | Hayato Kazami · resign |
[ ANÁLISIS IA · 1 CRÉDITO ]
¿Qué pasó realmente en esta partida?
Wolo.gg analiza cada decisión: build order, eco, micro, errores típicos por bracket. Análisis personalizado por WhatsApp o Discord en 30 segundos.
Guía civ
Teutones
Perfil
Drug0s